 BcadrenCrawl: Boulder Brew version 0.03.2.1-103-g09b4e489ee (webtiles) character file.

Game seed: 17218803495428434893, levelgen mode: deterministic

564 funkygono the Gusty (level 7, -5/36 HPs) Silent Spectre Air Elementalist. Began on Mar 4, 2021. Slain by Duvessa ... wielding a +0 short sword (14 damage) ... on level 2 of the Dungeon. The game lasted 00:08:43 (1871 turns).

funkygono the Gusty (SSAE)                          Turns: 1871, Time: 00:08:44

Health: -5/36      AC:  2    Str:  4    XL:     7 ^: 620
Magic:  0/18       EV: 16    Int: 20    God:
Gold:   54         SH:  0    Dex: 17    Spells: 1/16 levels left

rFire    . . .     Vision   .   (no weapon)
rCold    . . .     Gourm    .   (no weapon)
rNeg     + + +     Faith    .   a - +0 robe
rPois    ∞         Spirit   .   (no helmet)
rElec    .         Reflect  .   (no cloak)
rCorr    .         Harm     .   (no gloves)
MR       .....                  (no boots)
Stlth    +.........             (no amulet)
HPRegen  0.22/turn              (no ring)
MPRegen  0.28/turn              (no ring)

@: very slightly contaminated, silenced, very slow
A: silence aura, negative energy resistance 3, torment resistance, unbreathing,
petrification resistance, silent casting, insubstantial
a: no special abilities


You were on level 2 of the Dungeon.
You were not hungry.

You visited 1 branch of the dungeon, and saw 2 of its levels.

You collected 54 gold pieces.

Inventory:

Weapons
 j - a +3 whip Shields
 f - a +0 buckler
 g - a +1 sai of protection
Armour
 a - a +0 robe (worn)
 i - a +1 robe of cold resistance
Jewellery
 e - a cursed ring of wizardry {(Curse: MR-)}
Potions
 b - 2 potions of ambrosia
 c - 3 potions of brilliance
 d - 4 potions of heal wounds
 h - a potion of might


   Skills:
 + Level 2.8 Dodging
 + Level 2.8 Stealth
 + Level 0.5 Unarmed Combat
 + Level 5.4 Spellcasting
 + Level 7.3 Air Magic


You had one spell level left.
You knew the following spells:

 Your Spells              Type           Power        Failure   Level  Hunger
a - Shock                 Air            25 (25)      1%          1    N/A
b - Swiftness             Chrm/Air       20 (100)     5%          2    N/A
c - Static Discharge      Air            34 (100)     2%          3    N/A
d - Airstrike             Air            34 (200)     8%          4    N/A
e - Lightning Bolt        Air            34 (200)     21%         5    N/A

Your spell library contained the following spells:

 Spells                   Type           Power        Failure   Level  Hunger


Dungeon Overview and Level Annotations

Branches:
Dungeon (2/8)

Altars:

Annotations:
D:2 Duvessa


Innate Abilities, Weirdness & Mutations

You are surrounded by an aura of unnatural quiet.
You are immune to poison.
You are immune to negative energy. (rN+++)
You are immune to unholy pain and torment.
You can survive without breathing.
You are immune to petrification.
You can communicate with gods and cast spells while silenced.
Your insubstantial form boosts your evasion and grants immunity to sticky flames, nets and constriction.


Message History

The lightning grounds out.
Duvessa hits you with a +0 short sword (8)!
Casting: Static Discharge (safe; 2% risk of failure)
Confirm with . or Enter, or press ? or * to list all spells.
Duvessa is struck by an arc of lightning (10)!
Duvessa is severely wounded. (16/48) HP You are struck by an arc of electricity (2).
The lightning grounds out.
Duvessa splashes around in the water.
Duvessa hits you with a +0 short sword (2).
Casting: Static Discharge (safe; 2% risk of failure)
Confirm with . or Enter, or press ? or * to list all spells.
Duvessa is struck by an arc of lightning (11)!
Duvessa is almost dead. (5/48) HP You are struck by an arc of electricity (2).
* * * LOW HITPOINT WARNING * * *
Duvessa is struck by an arc of lightning (3).
Duvessa is almost dead. (2/48) HP The lightning grounds out.
Duvessa hits you with a +0 short sword (14)!
You die...

...#≈≈≈≈≈≈≈.≈..######.##≈.≈≈≈≈≈.#
...#≈≈b≈÷≈≈..###≈#≈≈≈###.≈≈≈≈≈≈≈#
≈≈##≈≈≈..≈.≈###≈≈≈#### #b≈≈≈≈≈P≈#
####.≈..≈≈P≈##≈≈### #≈≈≈≈≈≈≈≈#
.......≈≈≈≈≈≈≈### #≈≈≈≈≈≈≈≈#
..≈..≈≈≈≈≈P≈### #≈≈≈≈≈≈P≈
.≈.#.≈≈≈≈≈P≈##
#.##.≈≈≈≈≈≈≈≈###########.
≈≈≈≈≈≈≈≈≈≈≈≈≈≈≈≈@[≈≈≈≈≈≈e
≈≈≈≈≈≈≈≈≈≈≈.≈≈≈≈≈e≈≈≈≈≈≈≈
.≈≈≈≈≈≈≈≈≈≈≈≈≈≈≈≈≈≈≈≈≈≈≈≈
≈.≈≈≈≈..≈≈..≈≈≈≈≈≈≈≈≈≈≈≈≈
≈≈.....≈≈≈≈.≈≈≈≈≈≈≈≈≈≈≈≈≈
≈≈≈.≈≈≈≈≈≈...≈;≈≈≈≈≈≈≈≈≈≈
≈≈≈.≈≈≈≈...≈≈.≈≈PP≈PP.≈≈≈
≈≈b.b≈≈..≈≈≈....P≈PP.PP≈≈ .#.#.≈≈
≈≈≈.≈##.######


You could see Duvessa (berserk) and a neutral submerged slimehead (wandering)
(passive).

Vanquished Creatures
  A big kobold (D:2)
  Dowan (D:2)
  2 jellies (D:2)
  Terence (D:2)
  2 giant cockroaches
  25 sewer rats (D:2)
  A worm (D:2)
  8 cinder newts
  An ooze (D:2)
  2 dart slugs (D:1)
  A leopard gecko (D:2)
  3 bats
  2 goblins (D:1)
  4 hobgoblins (D:1)
  11 kobolds
  A ball python skeleton (D:2)
  A goblin skeleton (D:2)
  9 rats
  A withered plant (D:2)
77 creatures vanquished.

Vanquished Creatures (others)
  A ball python (D:2)
  A kobold (D:2)
  61 withered plants (D:2)
63 creatures vanquished.

Grand Total: 140 creatures vanquished

Notes
Turn   | Place    | Note
-------+----------+-------------------------------------------
     0 | D:1      | funkygono the Silent Spectre Air Elementalist began the
                  | quest for the Orb.
     0 | D:1      | Reached XP level 1. HP: 10/10 MP: 6/6
    21 | D:1      | Reached skill level 4 in Air Magic
    78 | D:1      | Reached XP level 2. HP: 15/15 MP: 4/8
   104 | D:1      | Learned a level 2 spell: Swiftness
   220 | D:1      | Reached XP level 3. HP: 19/19 MP: 5/10
   568 | D:1      | Learned a level 3 spell: Static Discharge
   623 | D:1      | Reached XP level 4. HP: 24/24 MP: 8/11
   641 | D:1      | Reached skill level 5 in Air Magic
   829 | D:2      | Noticed Terence
   856 | D:2      | Killed Terence
   936 | D:2      | Reached XP level 5. HP: 28/28 MP: 9/13
  1171 | D:2      | Learned a level 4 spell: Airstrike
  1178 | D:2      | Reached skill level 6 in Air Magic
  1223 | D:2      | Reached XP level 6. HP: 30/32 MP: 0/15
  1605 | D:2      | Reached skill level 5 in Spellcasting
  1713 | D:2      | Reached skill level 7 in Air Magic
  1772 | D:2      | Learned a level 5 spell: Lightning Bolt
  1832 | D:2      | Noticed Dowan
  1842 | D:2      | Reached XP level 7. HP: 26/36 MP: 3/17
  1843 | D:2      | Killed Dowan
  1850 | D:2      | Noticed Duvessa
  1871 | D:2      | Slain by Duvessa

Levels and vault maps discovered:
D:1:      lemuel_arrival_broad_hall, layout_loops_ring, serial_glass,
          glass_columns_c, glass_columns_a, item_on_display_merged,
          item_on_display_merged, item_on_display_merged
D:2:      layout_sewer, bloody_trog, uniq_duvessa, uniq_terence

Skill      XL: |  1  2  3  4  5  6 |
---------------+-------------------+-----
Air Magic      | 4 5 6 7 |  7.3
Spellcasting   | 3 4 5 |  5.4
Dodging        | |  2.8
Stealth        | |  2.8
Unarmed Combat | |  0.5

Action                   |  1- 3 |  4- 6 |  7- 9 || total
-------------------------+-------+-------+-------++-------
Melee: Unarmed           |       |    47 |       ||    47
 Cast: Shock             |    55 |   123 |       ||   178
       Static Discharge  |       |     8 |     5 ||    13
       Airstrike         |       |    10 |       ||    10
       Lightning Bolt    |       |     2 |       ||     2
Armor: Robe              |       |     1 |     1 ||     2
Dodge: Dodged            |     2 |    34 |     1 ||    37
